 Dungeon Sprint DCSS version 0.30-a0-34-gbe8da3892a (webtiles) character file.

Game seed: 15537917155747406297

9776 mhtbhm the Metallomancer (level 11, -27/66 HPs)
             Began as a Gargoyle Earth Elementalist on Aug 28, 2022.
             Was a High Priest of Vehumet.
             Killed from afar by a fire dragon (63 damage)
             ... with a blast of flame
             ... in the Dungeon (Sprint III: "The Ten Rune Challenge").
             The game lasted 00:08:30 (3217 turns).

mhtbhm the Metallomancer (GrEE)                     Turns: 3217, Time: 00:08:31

Health: -27/66     AC: 10    Str: 11    XL:     11   Next: 51%
Magic:  27/31      EV: 13    Int: 21    God:    Vehumet [*****.]
Gold:   49         SH:  0    Dex: 10    Spells: 23/43 levels left

rFire   . . .      SeeInvis .    (no weapon)
rCold   . . .      Faith    .    (no shield)
rNeg    + . .      Spirit   .    a - +0 robe
rPois   ∞          Reflect  .    (no helmet)
rElec   +          Harm     .    (no cloak)
rCorr   .          Rampage  .    (no gloves)
Will    .....      NoTele   +    (no boots)
Stlth   +++.......               (no amulet)
HPRegen 0.21/turn                (no ring)
MPRegen 0.22/turn                (no ring)

@: no status effects
A: sickness immunity, AC +8, negative energy resistance 1, electricity
resistance, torment resistance 1, petrification resistance, robust 1
a: Renounce Religion


You were in the Dungeon.
You worshipped Vehumet.
Vehumet was extremely pleased with you.
You visited 1 branch You collected 49 gold pieces.

Inventory:

Missiles
 g - 7 javelins
 h - 5 datura-tipped darts
 j - 5 atropa-tipped darts
Armour
 a - a +0 robe (worn)
Wands
 n - a wand of flame (4)
Scrolls
 i - 2 scrolls of torment
 l - a scroll of identify
Potions
 b - 3 potions of magic
 c - a potion of curing
 d - 2 potions of heal wounds
 e - a potion of haste
 f - 2 potions of berserk rage
 k - 3 potions of flight
Miscellaneous
 m - a phial of floods


   Skills:
 + Level 3.9 Fighting
 + Level 5.6 Dodging
 + Level 5.2 Stealth
 + Level 0.9 Unarmed Combat
 + Level 16.6 Spellcasting
 + Level 6.2 Conjurations
 + Level 2.8 Transmutations
 + Level 0.2 Fire Magic
 + Level 21.4 Earth Magic
 + Level 2.8 Evocations


You had 23 spell levels left.
You knew the following spells:

 Your Spells              Type           Power      Damage    Failure   Level
a - Sandblast             Erth           100%       2d20      0%          1
b - Passwall              Tmut/Erth      51%        N/A       1%          2
c - Stone Arrow           Conj/Erth      100%       3d13      1%          3
d - Petrify               Tmut/Erth      62%        N/A       1%          4
e - Fireball              Conj/Fire      15%        3d8       7%          5
f - Lee's Rapid Deconstr  Erth           41%        3d21*     0%          5

Your spell library contained the following spells:

 Spells                   Type           Power      Damage    Failure   Level
 Iron Shot                Conj/Erth      33%        9d7       1%          6
 Cause Fear               Hex            8%         N/A       32%         4
 Dragon Form              Tmut           14%        N/A       100%        7
 Dragon's Call            Summ           8%         N/A       100%        9


Dungeon Overview and Level Annotations

Branches:
Dungeon (1/1)

Altars:
Cheibriados
Dithmenos
Elyvilon
Fedhas
Gozag
Hepliaklqana
Kikubaaqudgha
Makhleb
Nemelex Xobeh
Okawaru
Qazlal
Ru
Sif Muna
Trog
Uskayaw
Vehumet
Wu Jian
Xom
Yredelemnul
Zin
The Shining One
Jiyva
Lugonu

Shops:
D !(


Innate Abilities, Weirdness & Mutations

You are immune to sickness and miasma.
Your stone body is resilient. (AC +8)
You are immune to poison.
You resist negative energy. (rN+)
You are resistant to electric shocks. (rElec)
You are resistant to unholy torment.
You are immune to petrification.
You are robust. (+10% HP)


Message History

The plant begins to die.
The plant is engulfed in blazing flames.
The plant begins to die.
The plant is engulfed in blazing flames. x2
A nearby plant withers and dies.
A hell hound comes into view.
The plant is engulfed in blazing flames.
A nearby plant withers and dies.
Casting: Sandblast (safe; 0% risk of failure)
Confirm with . or Enter, or press ? or * to list all spells.
Aiming: Stone Arrow (safe; 1% risk of failure)
Press: ? - help, Shift-Dir - straight line, f - hell hound
Aim: a hell hound (asleep, 100% to hit)
Your line of fire to the hell hound is blocked by a plant.
Unknown command. 3 fire dragons come into view.
Found Funiczuw's Distillery and Gytuab Puwnu's Antique Weapon Shop.
The fire dragon roars deafeningly! x3
The fire dragon is engulfed in blazing flames.
The hell hound barks!
The hell hound breathes flames at you.
The blast of flame hits the plant!!
The plant begins to die.
The blast of flame hits you!
The fire dragon is engulfed in blazing flames. x2
Casting: Stone Arrow (safe; 1% risk of failure)
Confirm with . or Enter, or press ? or * to list all spells.
Aiming: Petrify (safe; 1% risk of failure)
Press: ? - help, Shift-Dir - straight line, f - fire dragon
Aim: a fire dragon (lightly wounded, chance to affect: 42%)
The fire dragon is moving more slowly.
The fire dragon breathes flames at you. The blast of flame hits you!!
Unknown command.
Unknown command.
The fire dragon is engulfed in blazing flames.
The fire dragon breathes flames at you.
The blast of flame hits the fire dragon.
The fire dragon resists.
The blast of flame hits you!!!
Ouch! That really hurt!
You die...

♣.....##......#♣..†_.#
########'#############
#.♣♣ #♣.♣ ♣.♣♣ ♣♣.♣
♣~♣♣ ♣.♣♣ ♣@.♣ ♣♣.♣♣
♣♣.♣ ♣.§♣ ♣.PPD.○°~.
♣.~.D○○°~§ ♣.♣~.°○°D.
♣♣♣♣♣♣♣♣∩∩ ♣


You could see 2 fire dragons.

Vanquished Creatures
  Erolcha (D)
  2 hydras (D)
  A death yak (D)
  Urug (D)
  A death drake (D)
  A lindwurm (D)
  A deep elf pyromancer (D)
  A spriggan druid (D)
  2 cane toads (D)
  A rime drake (D)
  A komodo dragon (D)
  3 wandering mushrooms (D)
  2 tyrant leeches (D)
  A shadow (D)
  2 spriggans (D)
  A spatial vortex (D)
  5 redbacks (D)
  A hell hound (D)
  A swamp drake (D)
  5 two-headed ogres (D)
  A necrophage (D)
  A water elemental (D)
  An electric eel (D)
  A jelly (D)
  A wizard (D)
  Jessica (D)
  A necromancer (D)
  3 humans (D)
  A kobold demonologist (D)
  A wolf (D)
  An endoplasm (D)
  2 rats (D)
49 creatures vanquished.

Vanquished Creatures (others)
  5 plants (D)
5 creatures vanquished.

Grand Total: 54 creatures vanquished

Notes
Turn   | Place    | Note
-------+----------+-------------------------------------------
     0 | D        | mhtbhm the Gargoyle Earth Elementalist began the quest for
                  | the Orb.
     0 | D        | Reached XP level 1. HP: 10/10 MP: 3/3
    12 | D        | Reached skill level 4 in Earth Magic
   145 | D        | Noticed Jessica
   148 | D        | Killed Jessica
   149 | D        | Reached skill level 6 in Earth Magic
   149 | D        | Reached XP level 2. HP: 15/15 MP: 1/6
   149 | D        | Reached XP level 3. HP: 19/19 MP: 1/7
   275 | D        | Learned a level 2 spell: Passwall
   279 | D        | Learned a level 3 spell: Stone Arrow
   463 | D        | Reached skill level 7 in Earth Magic
   463 | D        | Reached XP level 4. HP: 19/24 MP: 6/10
   547 | D        | Learned a level 4 spell: Petrify
   549 | D        | Noticed a water elemental
   555 | D        | Killed a water elemental
   556 | D        | Reached skill level 5 in Spellcasting
   556 | D        | Reached skill level 8 in Earth Magic
   556 | D        | Reached XP level 5. HP: 28/28 MP: 5/12
   623 | D        | Found a radiant altar of Vehumet.
   624 | D        | Found a shimmering blue altar of Sif Muna.
   624 | D        | Found an ancient bone altar of Kikubaaqudgha.
   626 | D        | Reached skill level 9 in Earth Magic
   635 | D        | Became a worshipper of Vehumet
   657 | D        | Found a glowing silver altar of Zin.
   657 | D        | Found a glowing golden altar of the Shining One.
   657 | D        | Found a white marble altar of Elyvilon.
   657 | D        | Noticed a deep elf pyromancer
   661 | D        | Killed a deep elf pyromancer
   662 | D        | Reached skill level 1 in Fighting
   662 | D        | Reached skill level 13 in Earth Magic
   662 | D        | Reached XP level 6. HP: 19/34 MP: 7/18
   662 | D        | Reached XP level 7. HP: 21/38 MP: 7/20
   803 | D        | Found a hide-covered altar of Uskayaw.
   803 | D        | Found an iron altar of Okawaru.
   803 | D        | Found a bloodstained altar of Trog.
   803 | D        | Found an ornate altar of the Wu Jian Council.
   803 | D        | Noticed a human
   803 | D        | Noticed a human
   805 | D        | Killed a human
   806 | D        | Reached skill level 10 in Spellcasting
   806 | D        | Reached skill level 1 in Conjurations
   807 | D        | Killed a human
   807 | D        | Reached * piety under Vehumet
   807 | D        | Offered knowledge of Foxfire by Vehumet.
   808 | D        | Reached XP level 8. HP: 44/44 MP: 15/22
   851 | D        | Noticed a shadow
   857 | D        | Killed a shadow
   858 | D        | Reached skill level 14 in Earth Magic
   995 | D        | Found a blossoming altar of Fedhas.
   995 | D        | Found a stormy altar of Qazlal.
   997 | D        | Found a snail-covered altar of Cheibriados.
   997 | D        | Found a burning altar of Makhleb.
   997 | D        | Found a hazy altar of Hepliaklqana.
   997 | D        | Found a shimmering altar of Xom.
   997 | D        | Found an opulent altar of Gozag.
   997 | D        | Found a sparkling altar of Nemelex Xobeh.
   997 | D        | Found a corrupted altar of Lugonu.
   997 | D        | Found a viscous altar of Jiyva.
  1001 | D        | Reached ** piety under Vehumet
  1001 | D        | Offered knowledge of Freeze by Vehumet.
  1037 | D        | Found a basalt altar of Yredelemnul.
  1037 | D        | Found a shadowy altar of Dithmenos.
  1037 | D        | Found a sacrificial altar of Ru.
  1113 | D        | Reached skill level 15 in Earth Magic
  1118 | D        | Reached *** piety under Vehumet
  1351 | D        | Noticed a two-headed ogre
  1355 | D        | Killed a two-headed ogre
  1355 | D        | Offered knowledge of Frozen Ramparts by Vehumet.
  1356 | D        | Reached XP level 9. HP: 32/48 MP: 12/25
  1423 | D        | Noticed Erolcha
  1423 | D        | Noticed a two-headed ogre
  1427 | D        | Killed Erolcha
  1428 | D        | Reached skill level 5 in Stealth
  1428 | D        | Reached skill level 16 in Earth Magic
  1444 | D        | Killed a two-headed ogre
  1445 | D        | Reached skill level 1 in Transmutations
  1445 | D        | Reached skill level 1 in Evocations
  1576 | D        | Reached **** piety under Vehumet
  1576 | D        | Offered knowledge of Olgreb's Toxic Radiance by Vehumet.
  1577 | D        | Reached skill level 5 in Dodging
  1577 | D        | Reached skill level 17 in Earth Magic
  1588 | D        | Noticed a wandering mushroom
  1592 | D        | Noticed a wandering mushroom
  1596 | D        | Killed a wandering mushroom
  1639 | D        | Noticed a wandering mushroom
  1644 | D        | Killed a wandering mushroom
  1645 | D        | Reached XP level 10. HP: 54/54 MP: 27/27
  1711 | D        | Gained mutation: Armour fits poorly on your strangely
                  | shaped body. [potion of mutation]
  1711 | D        | Gained mutation: You are partially covered in iridescent
                  | scales. (AC +2) [potion of mutation]
  1711 | D        | Gained mutation: Your spells are a little harder to cast,
                  | but a little more powerful. [potion of mutation]
  1712 | D        | Lost mutation: Your spells are a little harder to cast, but
                  | a little more powerful. [potion of mutation]
  1712 | D        | Lost mutation: You are partially covered in iridescent
                  | scales. (AC +2) [potion of mutation]
  1712 | D        | Gained mutation: You have large cloven feet. [potion of
                  | mutation]
  1713 | D        | Lost mutation: Armour fits poorly on your strangely shaped
                  | body. [potion of mutation]
  1713 | D        | Lost mutation: You have large cloven feet. [potion of
                  | mutation]
  1713 | D        | Gained mutation: Your magical capacity is low. (-10% MP)
                  | [potion of mutation]
  1713 | D        | Gained mutation: You are weak. (Str -2) [potion of
                  | mutation]
  1713 | D        | Gained mutation: You are agile. (Dex +4, Str/Int -1)
                  | [potion of mutation]
  1714 | D        | Lost mutation: You are weak. (Str -2) [potion of mutation]
  1714 | D        | Lost mutation: Your magical capacity is low. (-10% MP)
                  | [potion of mutation]
  1714 | D        | Lost mutation: You are agile. (Dex +4, Str/Int -1) [potion
                  | of mutation]
  1714 | D        | Gained mutation: You are robust. (+10% HP) [potion of
                  | mutation]
  1767 | D        | Noticed a cane toad
  1767 | D        | Noticed a cane toad
  1772 | D        | Killed a cane toad
  1772 | D        | Reached ***** piety under Vehumet
  1772 | D        | Offered knowledge of Irradiate by Vehumet.
  1783 | D        | Killed a cane toad
  1784 | D        | Reached skill level 18 in Earth Magic
  1951 | D        | Offered knowledge of Fireball by Vehumet.
  2032 | D        | Learned a level 5 spell: Fireball
  2405 | D        | Reached skill level 5 in Conjurations
  2425 | D        | Reached skill level 15 in Spellcasting
  2491 | D        | Noticed a lindwurm
  2496 | D        | Killed a lindwurm
  2497 | D        | Reached skill level 19 in Earth Magic
  2655 | D        | Offered knowledge of Lee's Rapid Deconstruction by Vehumet.
  2728 | D        | Learned a level 5 spell: Lee's Rapid Deconstruction
  2729 | D        | Noticed Urug
  2751 | D        | Killed Urug
  2752 | D        | Reached XP level 11. HP: 66/66 MP: 3/30
  2883 | D        | Noticed a five-headed hydra
  2883 | D        | Noticed a seven-headed hydra
  2891 | D        | Killed a five-headed hydra
  2892 | D        | Reached skill level 20 in Earth Magic
  2897 | D        | Noticed a death drake
  2901 | D        | Killed a seven-headed hydra
  2910 | D        | Killed a death drake
  3047 | D        | Found a blossoming altar of Fedhas.
  3047 | D        | Noticed a spriggan druid
  3051 | D        | Killed a spriggan druid
  3052 | D        | Reached skill level 21 in Earth Magic
  3076 | D        | Noticed a death yak
  3080 | D        | Killed a death yak
  3080 | D        | Offered knowledge of Iron Shot by Vehumet.
  3213 | D        | Found Funiczuw's Distillery.
  3213 | D        | Found Gytuab Puwnu's Antique Weapon Shop.
  3213 | D        | Noticed a fire dragon
  3213 | D        | Noticed a fire dragon
  3213 | D        | Noticed a fire dragon
  3217 | D        | Killed from afar by a fire dragon

Illustrated notes

Levels and vault maps discovered:
D:        dungeon_sprint_mu [sprint_mu_entry_cave, sprint_mu_temple_rooms,
          sprint_mu_d1_spiders, sprint_mu_d2_genie, sprint_mu_d3_branching,
          sprint_mu_orc_legion, sprint_mu_elf_gauntlet, sprint_mu_hive_nellie,
          sprint_mu_lair_fedhas, sprint_mu_vaults_butterflies,
          sprint_mu_slime_circle, sprint_mu_swamp_cave, sprint_mu_shoals_archi,
          sprint_mu_blade_basic, sprint_mu_crypt_chambers,
          sprint_mu_tomb_spiral, sprint_mu_vestibule_basic,
          sprint_mu_gehenna_hellfire, sprint_mu_dis_giant,
          sprint_mu_tartarus_statrot, sprint_mu_cocytus_islands, sprint_mu_zot1]

Skill      XL: |  1  2  3  4  5  6  7  8  9 10 11 |
---------------+----------------------------------+-----
Dodging        | 2 3 4 5 |  5.6
Earth Magic    | 6 7 8 13 15 17 19 21 | 21.4
Spellcasting   | 3 4 5 9 10 12 13 15 16 | 16.6
Stealth        | 3 4 5 |  5.2
Fighting       | 1 2 3 |  3.9
Conjurations   | 1 2 3 5 6 |  6.2
Transmutations | 1 2 |  2.8
Evocations     | 1 2 |  2.8
Unarmed Combat | |  0.9
Fire Magic     | |  0.2

Action                   |  1- 3 |  4- 6 |  7- 9 | 10-12 || total
-------------------------+-------+-------+-------+-------++-------
Melee: Unarmed           |       |       |     1 |     1 ||     2
 Cast: Sandblast         |    13 |    12 |    33 |    34 ||    92
       Stone Arrow       |     1 |     1 |    21 |    23 ||    46
       Petrify           |       |       |     1 |     9 ||    10
       Lee's Rapid Decon |       |       |       |    16 ||    16
       Fireball          |       |       |       |     2 ||     2
Evoke: Wand              |       |       |     4 |     2 ||     6
       Phial of floods   |       |       |     1 |       ||     1
  Use: Scroll            |       |       |     1 |     2 ||     3
       Potion            |       |       |       |     4 ||     4
 Stab: Sleeping          |       |       |     1 |       ||     1
Armor: Robe              |       |       |     1 |     3 ||     4
Dodge: Dodged            |     6 |     6 |    15 |    20 ||    47

Table legend: (Time is in decaauts)
 A = Elapsed time spent in this place.
 B = Non-inter-level travel time spent in this place.
 C = Inter-level travel time spent in this place.
 D = Time resting spent in this place.
 E = Time spent auto-exploring this place.
 F = Levels seen in this place.
 G = Mean time per level.
                   A        B        C        D        E       F      G
               +--------+--------+--------+--------+--------+-----+--------+
         Total |   3280 |   3280 |      0 |   2541 |     38 |   1 | 3280.0 |
       Dungeon |   3280 |   3280 |      0 |   2541 |     38 |   1 | 3280.0 |
               +--------+--------+--------+--------+--------+-----+--------+

Top non-repeatable levels by time:
       D: 3280 daAuts
